[Event "*** Titled Tuesday Blitz"]
[Site "Chess.com"]
[Date "2020.02.04"]
[Round "2"]
[White "djamir"]
[Black "Grieve72"]
[Result "1-0"]
[WhiteElo "2734"]
[BlackElo "2296"]
[TimeControl "180+2"]
[EndTime "9:25:07 PST"]
[Termination "djamir won by resignation"]

1. d4 d5 2. Nf3 e6 3. Bf4 Nf6 4. e3 Bd6 5. c3 O-O 6. Bd3 b6 7. Qe2 Bxf4 8. exf4 c5 9. O-O Nc6 10. a3 a5 11. g3 c4 12. Bc2 b5 13.
Ne5 Qd6 14. Nd2 Bd7 15. Rfe1 b4 16. Ba4 Ne7 17. Bxd7 Nxd7 18. axb4 axb4 19. Qf3 Nb6 20. Qh5 b3 21. Rxa8 Nxa8 22. Ra1 g6 23. Qd1 f6 24. Ng4 h5 25. Nxf6+ Kg7 26. Nxh5+ gxh5 27. Qxh5 Nb6 28. Ra7 Nc8 29. Qg5+ Kf7 30. Ra8 Qc6 31. Ra1 Nd6 32. Nf3 Ke8 33. Qh5+ Kd8 34. Qh6 Re8 35. Qxe6 Nef5 36.
Qf6+ Kc7 37. Ne5 Qb7 38. g4 Ne7 39. Re1 Ne4 40. Qf7 Qc8 41. f3 Nd6 42. Qf6 Ng8 43. Qh4 Qe6 44. Ra1 Kb7 45. f5 Qf6 46. Qh7+ Qe7 47.
Qh5 Nf6 48. Qg6 Rg8 49. Qh6 Qg7 50. Qf4 Qe7 51. Kh1 Nd7 52. Re1 Kc7 53. Ra1 Kb7 54.
Rg1 Kc7 55. g5 Qf8 56. f6 Kb6 57. Nxd7+ 1-0

[Event "*** Titled Tuesday Blitz"]
[Site "Chess.com"]
[Date "2020.02.04"]
[Round "2"]
[White "Leonid_Starozhilov"]
[Black "renehp"]
[Result "1/2-1/2"]
[WhiteElo "2698"]
[BlackElo "2371"]
[TimeControl "180+2"]
[EndTime "9:25:09 PST"]
[Termination "Game drawn by repetition"]

1. e4 c5 2. Nf3 d6 3. Bb5+ Bd7 4.
c4 Nf6 5. Nc3 g6 6. O-O Bg7 7.
d4 cxd4 8. Nxd4 O-O 9. f3 a6 10.
Bxd7 Nbxd7 11. b3 Rc8 12. Bb2 Qa5 13. Kh1 Rfe8 14. Rc1 Qh5 15. Qd2 Ne5 16. Nde2 Nc6 17. Nd5 Nxd5 18. Bxg7 Kxg7 19. exd5 Ne5 20. a4 Qf5 21.
Rcd1 h5 22. Ng3 Qd7 23. f4 Ng4 24. h3 Nf6 25. Qd4 b5 26. axb5 axb5 27. f5 bxc4 28. bxc4 Qa4 29. Rc1 Rc7 30. fxg6 fxg6 31. Ne4 Rf8 32.
Ng5 Rfc8 33. Ne6+ Kf7 34. Rxf6+ exf6 35. Rf1 Kg8 36. Nxc7 Rxc7 37. Qxf6 Rg7 38. Qf8+ Kh7 39. Rf7 Rxf7 40. Qxf7+ Kh6 41. Qf8+ Kh7 42. Qe7+ Kh6 43. Qxd6 Qxc4 44. Qf8+ Kh7 45. Qf3 Qc1+ 46. Kh2 Qd2 47. h4 Qe1 48. g3 Qd2+ 49. Qg2 Qd3 50. Kh3 Qf5+ 51. Kh2 Qd3 52. Qa2 Kh6 53. Kg2 Qe4+ 54. Kf2 Qd4+ 55. Kf3 Qd3+ 56. Kf2 Qd4+ 57. Kg2 Qe4+ 58.
Kh2 Qd3 59. Qg2 Kh7 1/2-1/2

[Event "*** Titled Tuesday Blitz"]
[Site "Chess.com"]
[Date "2020.02.04"]
[Round "2"]
[White "KhazarBabazada"]
[Black "GukeshDommaraju"]
[Result "1-0"]
[WhiteElo "2941"]
[BlackElo "2638"]
[TimeControl "180+2"]
[EndTime "9:25:14 PST"]
[Termination "KhazarBabazada won by resignation"]

1. e4 c5 2. Nf3 Nc6 3. d4 cxd4 4. Nxd4 Nf6 5. Nc3 e5 6. Ndb5 d6 7. Bg5 a6 8. Na3 b5 9. Nd5 Be7 10. Bxf6 Bxf6 11. c4 b4 12. Nc2 a5 13. Qf3 Bg5 14.
h4 Bxh4 15. Rxh4 Qxh4 16. Nc7+ Ke7 17. Nxa8 Bg4 18. Ne3 Bxf3 19. Nf5+ Kf6 20. Nxh4 Bxe4 21. Nc7 Nd4 22. Kd2 g5 23. Nf3 Bxf3 24. gxf3 Nxf3+ 25.
Ke3 Nd4 26. Rd1 h5 27. Nd5+ Ke6 28. Nc7+ Ke7 29. Nb5 Nf5+ 30. Ke4 Ke6 31. Be2 g4 32. Nc7+ Kf6 33. Nb5 Ke6 34. Rd3 Rc8 35. b3 a4 36.
Rd1 axb3 37. axb3 Rc6 38. Ra1 Ne7 39. Ke3 f5 40. Rh1 f4+ 41. Kd3 f3 42. Bd1 Ng6 43.
Ke4 Nf4 44. Nd4+ exd4 45. Kxf4 Rc5 46. Bc2 Re5 47. Be4 Kf6 48. Rd1 h4 49. Rxd4 g3 50.
Kxf3 gxf2 51. Kxf2 Ke7 52. Bf3 Ra5 53. Rxh4 Ra2+ 54. Ke3 Rb2 55. Bd1 Kd7 56. Kd3 Kc6 57. Bc2 Ra2 58. Rh5 Ra1 59. Rb5 Rh1 60. Kd2 Rh2+ 61.
Kc1 Rh1+ 62. Kb2 1-0

[Event "*** Titled Tuesday Blitz"]
[Site "Chess.com"]
[Date "2020.02.04"]
[Round "2"]
[White "Ginzburg_Yakov"]
[Black "Aleksandr_Kozak"]
[Result "1-0"]
[WhiteElo "2525"]
[BlackElo "2263"]
[TimeControl "180+2"]
[EndTime "9:25:17 PST"]
[Termination "Ginzburg_Yakov won by resignation"]

1. e4 c6 2. d4 d5 3. Nc3 g6 4. g3 Bg7 5. Nge2 Bg4 6. Bg2 dxe4 7. Be3 f5 8. h3 Bxe2 9. Nxe2 e5 10. Qd2 Nd7 11. O-O-O Nb6 12. b3 Qd6 13. Qa5 Ne7 14. c4 Nd7 15. Kb1 O-O 16. g4 b6 17. dxe5 Qxe5 18. Qxe5 Nxe5 19. Nf4 Kf7 20. gxf5 gxf5 21. Rd6 Rfd8 22. Rhd1 Rxd6 23. Rxd6 N7g6 24. Nh5 Bh8 25.
c5 b5 26. Bf1 a6 27. Be2 Nd3 28. Rxc6 f4 29. Rc7+ Ke6 30. Bd2 Rd8 31. Bxd3 Rxd3 32. Bxf4 Rxh3 33. Rxh7 Bc3 34. Be3 Ke5 35. c6 Ba5 36. c7 Bxc7 37. Rxc7 Kd6 38. Rh7 Ne5 39. Bf4 b4 40. Rh6+ Kc5 41. Bxe5 Rh1+ 42. Kb2 Rf1 43. Bg3 e3 44. fxe3 Rh1 45. Bf4 a5 46. Nf6 Rg1 47.
Nd7+ Kd5 48. Rd6+ Ke4 49. Rd2 Rg6 50. Nc5+ Kf3 51. Nd3 Rg8 52. Ne1+ Ke4 53. Rd4+ Kf5 54. Rd5+ Ke6 55. Rxa5 Rg1 56. Re5+ Kf6 57. Nf3 Rg2+ 58.
Kb1 Rf2 59. Nd4 Rg2 60. Re6+ Kf7 61. Rb6 Rg1+ 62. Kb2 Rg2+ 63. Nc2 Ke7 64. Rxb4 Kd7 65. Rc4 1-0

[Event "*** Titled Tuesday Blitz"]
[Site "Chess.com"]
[Date "2020.02.04"]
[Round "2"]
[White "NemtsevIgor"]
[Black "Ariadna_Atreides"]
[Result "1-0"]
[WhiteElo "2406"]
[BlackElo "2053"]
[TimeControl "180+2"]
[EndTime "9:25:31 PST"]
[Termination "NemtsevIgor won by resignation"]

1. d4 e6 2. Bf4 c5 3. e3 Nf6 4. c3 Be7 5. Nd2 d5 6. Ngf3 O-O 7. Bd3 Nc6 8. Ne5 Bd7 9. Qf3 cxd4 10.
exd4 Be8 11. Qh3 g6 12. Bh6 Nxe5 13. dxe5 Nd7 14. Bxf8 Bxf8 15. Nf3 Bg7 16. Qg3 Qc7 17. Bb5 Nxe5 18. Bxe8 Nxf3+ 19. Qxf3 Rxe8 20. O-O Be5 21. g3 b5 22. Qe2 Rb8 23. Rfe1 Bd6 24. Qg4 a6 25. h4 h5 26. Qf3 Kg7 27. Re2 a5 28. Kg2 Qb6 29. Qe3 Qc7 30. Rd1 b4 31. cxb4 axb4 32. Rc1 Qb7 33. Rec2 d4+ 34. Qf3 Qxf3+ 35. Kxf3 b3 36. axb3 Rxb3+ 37. Kg2 e5 38. Re2 Rb5 39. Rc6 Be7 40. f4 Bf6 41. fxe5 Bxe5 42. Ra6 d3 43.
Rd2 Rxb2 44. Rxb2 Bxb2 45. Rd6 Be5 46. Rxd3 f6 47. Kf3 Kh6 48. Ra3 g5 49. Ke4 gxh4 50. gxh4 Kg6 51. Ra2 Bd6 52. Rg2+ Kf7 53. Kf5 Be5 54.
Ra2 Bd4 55. Ra8 Bf2 56. Rh8 Kg7 57. Rxh5 Kf7 58. Kg4 Ke6 59. Ra5 Bd4 60. Ra6+ Kf7 61.
Kf5 Be5 62. h5 Kg7 63. Ra7+ Kh6 64. Kg4 Bd4 65. Ra8 f5+ 66. Kxf5 Kxh5 67. Rd8 Bg7 68. Rg8 Bc3 69. Rg3 Be1 70. Rh3+ Bh4 71. Rh1 Kh6 72. Rxh4+ 1-0

[Event "*** Titled Tuesday Blitz"]
[Site "Chess.com"]
[Date "2020.02.04"]
[Round "2"]
[White "doons21"]
[Black "GHANDEEVAM2003"]
[Result "1/2-1/2"]
[WhiteElo "2662"]
[BlackElo "2946"]
[TimeControl "180+2"]
[EndTime "9:25:36 PST"]
[Termination "Game drawn by agreement"]

1. e4 c5 2. c3 d6 3. d4 Nf6 4. Bd3 Nc6 5. Ne2 e5 6. dxc5 dxc5 7. Bg5 c4 8. Bc2 Qxd1+ 9. Kxd1 Ng4 10. Ke1 Bc5 11.
Bh4 g5 12. Bg3 Be6 13. h3 Nf6 14. Nd2 Nh5 15. b4 cxb3 16. axb3 Nf4 17. b4 Bb6 18. Bxf4 gxf4 19. Bb3 Bxb3 20. Nxb3 Rg8 21. g4 O-O-O 22. Nec1 h5 23. f3 Be3 24. Ke2 f5 25. exf5 e4 26.
fxe4 Ne5 27. Ra5 Nc4 28. Rd5 Rde8 29. Nd3 hxg4 30. hxg4 Rxg4 31. e5 Rg2+ 32. Kf3 Rg3+ 33. Ke4 f3 34. f6 f2 35. Rf1 Rg1 36. Rxf2 Bxf2 37. f7 Rf8 38. e6 Rg4+ 39. Kf3 Rg6 40. Nf4 Rxe6 41. Nxe6 Rxf7+ 42. Ke2 Bb6 43. Kd3 Ne3 44.
Rg5 Nf5 45. Nbc5 Bxc5 46. Nxc5 b6 47. Ne4 Rd7+ 48. Kc4 Ne3+ 49. Kb3 Kb7 50. Nf6 Rf7 51. Nd5 Nf5 52. b5 Nd6 53. Nb4 Ne4 54. Re5 Nc5+ 55.
Kc2 Rf2+ 56. Kb1 Rf7 57. Kc2 Rf2+ 58. Kb1 Na4 59. Re7+ Kc8 60. Nd5 Rb2+ 61. Kc1 Rxb5 62.
Rxa7 Nc5 63. Ne7+ Kd8 64. Nc6+ Ke8 65. Nd4 Nb3+ 66. Nxb3 Rxb3 67. Kc2 Rb5 68. c4 Rh5 69. Kb3 b5 70. cxb5 Rxb5+ 1/2-1/2

[Event "*** Titled Tuesday Blitz"]
[Site "Chess.com"]
[Date "2020.02.04"]
[Round "2"]
[White "MaxLeto"]
[Black "kuli4ik"]
[Result "0-1"]
[WhiteElo "2357"]
[BlackElo "2856"]
[TimeControl "180+2"]
[EndTime "9:25:38 PST"]
[Termination "kuli4ik won by resignation"]

1. g4 d5 2. g5 Nc6 3. h4 e5 4. d3 Be6 5. Nc3 h6 6. Bg2 Be7 7. Nf3 hxg5 8. Nxg5 Bxg5 9. Bxg5 Qd7 10. e4 d4 11. Nd5 f6 12. Bd2 Nge7 13. Qf3 O-O-O 14. Nxe7+ Nxe7 15. Qg3 Rh7 16. O-O-O Kb8 17. f4 Nc6 18. Bh3 Bxh3 19. Rxh3 Qe6 20. Kb1 a5 21. Rdh1 a4 22.
h5 Rdh8 23. Qg6 Ne7 24. Qg3 Nc6 25. Qg6 Qd7 26. Qg3 Qf7 27. Qg4 Qe8 28. Rh4 g6 29.
hxg6 Rxh4 30. Rxh4 Rxh4 31. Qxh4 Qxg6 32. f5 Qf7 33. a3 Ka7 34. Qh6 Nb8 35. Be1 Nd7 36. Bh4 b5 37. Qg6 Qe7 38. Qg8 Kb7 39. Qd5+ c6 40.
Qg8 Kc7 41. Be1 Qf8 42. Ba5+ Kb7 43. Qh7 Kc8 44. Bb4 Qe8 45. Bd6 Kb7 46. Qg7 Kb6 47. Be7 Kc7 48. Bxf6 Qh5 49. Bxe5+ Kc8 50. Bxd4 Qd1+ 51. Ka2 Qxc2 52. Qg8+ Kc7 53. Qe6 Qxd3 54. Be5+ Kb7 55. Bc3 Nc5 56. Qf7+ Kb6 57. f6 Nxe4 58. Ba5+ Ka6 59. Qe6 Qb3+ 60. Qxb3 axb3+ 61. Kxb3 Kxa5 62. f7 Nc5+ 63. Kc3 Nd7 64. Kd4 Kb6 65. b4 Kc7 66. a4 bxa4 67. Kc4 Kb6 0-1

[Event "*** Titled Tuesday Blitz"]
[Site "Chess.com"]
[Date "2020.02.04"]
[Round "2"]
[White "korbul"]
[Black "Abund"]
[Result "1-0"]
[WhiteElo "2572"]
[BlackElo "2755"]
[TimeControl "180+2"]
[EndTime "9:25:39 PST"]
[Termination "korbul won by resignation"]

1. d4 Nf6 2. Nf3 g6 3. Bg5 Bg7 4. Nbd2 d6 5. e4 h6 6. Bh4 g5 7. Bg3 Nh5 8. Bc4 g4 9. Nh4 Bxd4 10. c3 Bf6 11. Qe2 Rg8 12. Nf5 Bxf5 13. exf5 Nc6 14. O-O-O Ne5 15. Bb3 Qd7 16. Qe4 c6 17. Rhe1 Rg5 18.
Bc2 O-O-O 19. Qa4 Kb8 20. Ne4 Nxg3 21. hxg3 Rxf5 22. Nc5 Qc8 23. Bxf5 Qxf5 24. Ne4 Bg7 25. Qc2 d5 26. Nc5 Qxc2+ 27. Kxc2 e6 28. b3 b6 29. Na4 Kc7 30. Nb2 Re8 31. Re2 Nd7 32.
f3 Ne5 33. Rf1 Re7 34. Nd3 Nxd3 35. Kxd3 gxf3 36. gxf3 e5 37. Rh1 f5 38. Rh5 e4+ 39.
Kd2 Rf7 40. Rf2 Re7 41. Re2 Rf7 42. Rf2 Bf6 43. f4 Bg7 44. Ke3 Kd6 45. Rd2 Ke6 46. c4 Rf6 47. cxd5+ cxd5 48. Rc2 Kd7 49. Rd2 Kd6 50. g4 Rf7 51. gxf5 Bf6 52. Rg2 Re7 53. Rxh6 d4+ 54. Ke2 Rf7 55. Rgg6 Ke7 56. Kd2 a5 57. a4 Rf8 58. Rh7+ Kd6 59. Rb7 Kc5 60. Rd7 Bh4 61. Re6 Bf2 62. Rxe4 Kb4 63. Rd6 Kxb3 64.
Rxb6+ Kxa4 65. f6 Be3+ 66. Kd3 Ka3 67. Re7 a4 68. f7 Rc8 69. Re8 Rc3+ 70. Ke4 Ka2 71.
f8=Q Rb3 72. Rxb3 axb3 73. Ra8+ Kb1 74. Qb4 Kc2 75. Rc8+ Kb2 76. Kd3 Ka2 77. Rb8 1-0

[Event "*** Titled Tuesday Blitz"]
[Site "Chess.com"]
[Date "2020.02.04"]
[Round "2"]
[White "novocane"]
[Black "StockholmMissile"]
[Result "0-1"]
[WhiteElo "2142"]
[BlackElo "2453"]
[TimeControl "180+2"]
[EndTime "9:25:42 PST"]
[Termination "StockholmMissile won by resignation"]

1. d4 Nf6 2. c4 g6 3. Nc3 Bg7 4. e4 d6 5. f3 O-O 6. Bg5 Nbd7 7. Qd2 c6 8. Nge2 a6 9. h4 b5 10. b3 bxc4 11. bxc4 Rb8 12. h5 Nxh5 13. g4 Nhf6 14.
Bh6 Bh8 15. Bxf8 Nxf8 16. g5 Nh5 17. Rxh5 gxh5 18. Ng3 Ne6 19. Nf5 Rb7 20. Rd1 c5 21. dxc5 Nxc5 22. Nd5 Bxf5 23. exf5 Rb2 24. Qf4 Qa5+ 25.
Rd2 Bc3 26. Nxc3 Qxc3 27. f6 Qc1+ 28. Ke2 Rxd2+ 29. Qxd2 Qxd2+ 30. Kxd2 exf6 31. gxf6 Nd7 32. Ke3 Nxf6 33. Kf4 a5 34. Kg5 Kg7 35. Bh3 h6+ 36. Kf4 Nh7 37. Bc8 Kf6 38. Ke4 Ng5+ 39. Kd5 Ke7 40. f4 Nf3 41. Kc6 Nd4+ 42. Kb6 a4 43.
Ka5 a3 44. Kb4 f5 45. Kxa3 h4 46. Bb7 h3 47. Kb4 Kd7 48. a4 Nc6+ 49. Kb5 Nd4+ 50.
Kb4 h2 51. Bh1 Kc7 52. a5 Nc2+ 53. Kb5 Ne3 54. a6 Kb8 55. Kc6 Nxc4 56. Kb5 Ne3 57. Bc6 d5 58. Kb6 Nc4+ 59. Kc5 h1=Q 60. Bxd5 Qg1+ 61.
Kxc4 Ka7 0-1

[Event "*** Titled Tuesday Blitz"]
[Site "Chess.com"]
[Date "2020.02.04"]
[Round "2"]
[White "RamonManon0g"]
[Black "Lubov_Gordyk"]
[Result "0-1"]
[WhiteElo "2286"]
[BlackElo "2622"]
[TimeControl "180+2"]
[EndTime "9:25:43 PST"]
[Termination "Lubov_Gordyk won by checkmate"]

1. d4 g6 2. Bg5 Bg7 3. c3 d6 4. Nd2 Nf6 5. e4 h6 6. Bh4 g5 7.
Bg3 b6 8. Bd3 Bb7 9. Ne2 Nc6 10.
O-O e5 11. dxe5 dxe5 12. Nf3 Qe7 13. Bb5 Nh5 14. Qa4 Qe6 15. Bxe5 O-O 16. Bxg7 Nxg7 17. Ng3 a6 18. Bc4 Qg6 19. Qc2 Ne7 20. Rad1 b5 21.
Bb3 Qf6 22. Rd7 Ng6 23. Rxc7 Qb6 24. Rxb7 Qxb7 25. Bd5 Qa7 26. Bxa8 Qxa8 27. Rd1 g4 28. Nd4 h5 29. Ngf5 Re8 30. Nxg7 Kxg7 31. Nf5+ Kg8 32.
f3 gxf3 33. gxf3 Qc8 34. Nd6 Qc5+ 35. Rd4 Re5 36. Qb3 Re6 37. Nf5 Nf4 38. Kh1 Rf6 39. Qd1 Qe5 40. Qg1+ Rg6 41. Qe3 Nh3 42. Rd8+ Kh7 43.
Ng3 h4 44. f4 Nxf4 45. Nf5 Re6 46. Qf3 Qxe4 47. Qxe4 Rxe4 48. h3 Re1+ 49. Kh2 Re2+ 50.
Kg1 Rxb2 51. Nxh4 Nxh3+ 52. Kf1 Rxa2 53. Rd7 Ng5 54. Nf5 Kg6 55. Nd6 Ra3 56. Ra7 Ra4 57.
Ke2 Ne4 58. Nxf7 Nxc3+ 59. Kd3 Ne4 60. Ne5+ Kf5 61. Nc6 Nc5+ 62. Kc3 Rc4+ 63. Kd2 Ke6 64. Nb8 Ra4 65. Kc2 Kd6 66. Kb2 a5 67. Kc3 Rc4+ 68. Kb2 a4 69. Ka2 Rh4 70. Ka3 Rh8 71.
Na6 Nxa6 72. Rxa6+ Kc5 73. Ra7 Rh3+ 74. Ka2 Kb4 75. Rg7 Rh2+ 76. Ka1 Rh4 77. Ka2 a3 78.
Ka1 Ka4 79. Ra7+ Kb3 80. Rg7 Rh1+ 81. Rg1 Rxg1# 0-1

[Event "*** Titled Tuesday Blitz"]
[Site "Chess.com"]
[Date "2020.02.04"]
[Round "2"]
[White "aa175"]
[Black "AlexanderKing"]
[Result "0-1"]
[WhiteElo "2254"]
[BlackElo "2521"]
[TimeControl "180+2"]
[EndTime "9:25:43 PST"]
[Termination "AlexanderKing won by resignation"]

1. Nf3 d5 2. e3 Nf6 3. d4 c5 4. c3 e6 5. Nbd2 Nc6 6. Bd3 Bd6 7. dxc5 Bxc5 8. e4 dxe4 9. Bxe4 Nxe4 10. Nxe4 Qxd1+ 11. Kxd1 Be7 12. Kc2 e5 13. Re1 O-O 14.
Bg5 f6 15. Be3 Bf5 16. Nd2 b6 17. f3 Rac8 18. Rad1 Nb4+ 19. Kb1 Nd3 20. Re2 Nc5 21. Bxc5 Bxc5 22. g4 Bg6 23. h4 Be7 24. h5 Bf7 25. Ng3 Rfd8 26. Nf5 Bf8 27. Rde1 Rd3 28. Kc2 Rcd8 29.
Nd4 Rxd2+ 30. Rxd2 exd4 31. Rxd4 Rxd4 32. cxd4 Bd5 33. Re3 Kf7 34. b3 Bd6 35. Kd1 a5 36.
Ke2 b5 37. Rc3 a4 38. bxa4 bxa4 39. Rc2 a3 40. Ke3 g6 41. hxg6+ hxg6 42. f4 Be6 43. g5 Bd5 44. gxf6 Kxf6 45. Rd2 Kf5 46. Rf2 Bc7 47. Rf1 Bb8 48. Rf2 Bd6 49. Kd3 Bxf4 50. Kc3 Ke4 51. Kb4 Bd6+ 52. Kc3 g5 53. Rg2 Kf4 54.
Rf2+ Bf3 55. Kc4 g4 56. Rc2 g3 57. d5 g2 58. Rc1 Ke3 59. Kb5 Bxd5 60. Rd1 Bh2 61.
Kc5 Bxa2 62. Kb4 Bd5 63. Kxa3 g1=Q 64. Rxg1 Bxg1 65. Kb4 Kd4 66. Kb5 Kc3 67. Ka5 Kc4 68.
Ka6 Bc5 69. Ka5 Bb7 70. Ka4 Bb6 71. Ka3 Kc3 72. Ka4 Bc6+ 73. Ka3 Bb5 74. Ka2 Kc2 75.
Ka1 Bc5 0-1

[Event "*** Titled Tuesday Blitz"]
[Site "Chess.com"]
[Date "2020.02.04"]
[Round "2"]
[White "Aygehovit1992"]
[Black "AntonSmirnov"]
[Result "1-0"]
[WhiteElo "2637"]
[BlackElo "2910"]
[TimeControl "180+2"]
[EndTime "9:25:51 PST"]
[Termination "Aygehovit1992 won by resignation"]

1. e4 e6 2. d4 d5 3. Nc3 dxe4 4. Nxe4 Nd7 5. Nf3 Ngf6 6. Bg5 h6 7. Bxf6 Nxf6 8.
Bb5+ c6 9. Bd3 Nxe4 10. Bxe4 c5 11. c3 cxd4 12. Nxd4 Bc5 13. Nb3 Bb6 14. a4 Rb8 15. a5 Qxd1+ 16. Rxd1 Bc7 17. Ke2 Ke7 18. h4 Rd8 19.
Rxd8 Bxd8 20. h5 f5 21. Bd3 Bd7 22. Rh4 Bc6 23. f3 Rc8 24. Rb4 b6 25. axb6 Bxb6 26. Nd4 Be8 27. g4 fxg4 28. fxg4 Rc5 29. Bb5 Re5+ 30.
Kd3 Bxb5+ 31. Rxb5 Re1 32. g5 hxg5 33. Rxg5 Kf6 34.
Rg6+ Kf7 35. Nc6 Rd1+ 36. Kc4 Rd5 37. b4 Rxh5 38. Rg3 Rf5 39. Kd3 g5 40. c4 Kf6 41.
c5 Bc7 42. Rg2 Rf3+ 43. Kc4 Ra3 44. Rf2+ Bf4 45. b5 Ra4+ 46. Kb3 Ra1 47. Kc4 Rc1+ 48.
Kb4 Rb1+ 49. Kc4 e5 50. Nxa7 e4 51. b6 e3 52. Rc2 g4 53. Nb5 g3 54. c6 Ke7 55. b7 Kd8 56. Ra2 Rc1+ 57. Kd5 Ke7 58. Ra4 g2 59. Re4+ Kf6 60. Rxf4+ Kg5 61. b8=Q g1=Q 62.
Rd4 Qg2+ 63. Re4 Rd1+ 64. Nd4 Rxd4+ 65. Kxd4 Qd2+ 66. Kc5 Qc3+ 67. Rc4 Qa5+ 68. Qb5 Qa3+ 69. Kb6+ Kg6 70. c7 1-0

[Event "*** Titled Tuesday Blitz"]
[Site "Chess.com"]
[Date "2020.02.04"]
[Round "2"]
[White "Atanejhad"]
[Black "Sanan_Sjugirov"]
[Result "0-1"]
[WhiteElo "2600"]
[BlackElo "2852"]
[TimeControl "180+2"]
[EndTime "9:25:57 PST"]
[Termination "Sanan_Sjugirov won by resignation"]

1. e4 c5 2. Nf3 d6 3. d4 cxd4 4. Nxd4 Nf6 5. Nc3 a6 6. Be3 e5 7. Nb3 Be6 8. Qd2 Be7 9. f3 h5 10. O-O-O Nbd7 11. Nd5 Nxd5 12. exd5 Bf5 13. Qb4 b6 14. g4 Bg6 15. Kb1 hxg4 16. fxg4 Nc5 17. Nd2 Qc7 18. Nc4 Rb8 19. Bd3 Nxd3 20. cxd3 Rh3 21. Bxb6 Qd7 22. Ka1 Qb5 23. Qxb5+ axb5 24. Bc7 Ra8 25. Nxd6+ Kd7 26. Nxb5 Bxd3 27. d6 Bxb5 28. dxe7+ Kxc7 29. Rd5 Kb6 30. Rd8 Rh8 31. Rhd1 e4 32. Rxa8 Rxa8 33. Rd8 Kb7 34. b3 e3 35. Rd5 Bc6 36.
Re5 Kc7 37. Rxe3 Kd6 38. Kb2 Bd7 39. g5 Be6 40. a4 Kxe7 41. Ka3 Kd6 42. h4 f5 43.
gxf6 gxf6 44. h5 f5 45. b4 f4 46. Rd3+ Bd5 47. b5 f3 48. Rd2 Kc5 49. h6 Rh8 50. Rh2 Kd4 51. Kb4 Ke3 52. Kc5 Be4 53. a5 f2 54. Rxf2 Kxf2 55. a6 Rxh6 56. b6 Rh7 57. Kd4 Ba8 58. Kc5 Ke3 59. Kb5 Kd4 60.
Ka5 Kc5 61. a7 Bb7 62. Ka4 Kxb6 63. a8=Q Bxa8 64. Kb4 Rh4+ 0-1

[Event "*** Titled Tuesday Blitz"]
[Site "Chess.com"]
[Date "2020.02.04"]
[Round "2"]
[White "Philosopherrr"]
[Black "tan275"]
[Result "1/2-1/2"]
[WhiteElo "2441"]
[BlackElo "2152"]
[TimeControl "180+2"]
[EndTime "9:26:02 PST"]
[Termination "Game drawn by repetition"]

1. e4 c6 2. d4 d5 3. exd5 cxd5 4. c4 Nf6 5. Nc3 g6 6. Nf3 Bg7 7. h3 O-O 8. Be3 Nc6 9. Rc1 Be6 10. Ng5 Bf5 11. a3 dxc4 12. Bxc4 h6 13. Nf3 Ne4 14.
O-O Rc8 15. Re1 Nxc3 16. Rxc3 Be4 17. Nd2 Bd5 18. Bf1 Nxd4 19. Rxc8 Qxc8 20. Bxd4 Bxd4 21.
Nf3 Bxf3 22. Qxd4 Bc6 23. Rxe7 Qf5 24. Qxa7 Qf6 25. Re2 Rd8 26. Qe3 Rd1 27. Rd2 Rxd2 28.
Qxd2 Kg7 29. Qc3 Qxc3 30. bxc3 Kf6 31. Bc4 Be8 32. f4 Kf5 33. Bd5 b6 34. g3 Kf6 35.
Kf2 Ke7 36. Ke3 Kd6 37. Kd4 f6 38. h4 g5 39. hxg5 hxg5 40. Be4 gxf4 41. gxf4 Bd7 42.
Kc4 Be8 43. Kb4 Bd7 44. c4 Be8 45. a4 Bd7 46. Bg6 Bc6 47. Bf7 Bd7 48. Bd5 Be8 49. Bb7 Bd7 50. Ba6 Be8 51. Bb5 Bf7 52. Ba6 Be8 53. Bb7 Bd7 54. Be4 Be8 55. Bc2 Bd7 56.
Kc3 Kc5 57. Bb3 Be8 58. Bd1 Bc6 59. Kd3 Bb7 60. Bb3 Bc6 61. Ke3 Bb7 62. Ba2 Bc6 63.
Kd3 Bb7 64. Ke3 Bc6 65. Kf2 Bxa4 66. Kg3 Bc6 67. Kg4 Kd6 68. Kf5 Ke7 69. Kg6 Be4+ 70. Kg7 Bd3 71. Bb3 Be2 72. Kg6 Bd3+ 73. Kg7 Bf1 74.
Ba2 Bd3 75. Bb3 1/2-1/2

[Event "*** Titled Tuesday Blitz"]
[Site "Chess.com"]
[Date "2020.02.04"]
[Round "2"]
[White "kinga2008"]
[Black "SnekkerAndersen"]
[Result "1-0"]
[WhiteElo "1944"]
[BlackElo "2368"]
[TimeControl "180+2"]
[EndTime "9:26:28 PST"]
[Termination "kinga2008 won by resignation"]

1. e4 d6 2. d4 Nf6 3. Nc3 e5 4. dxe5 dxe5 5. Qxd8+ Kxd8 6. Bc4 Be6 7. Bxe6 fxe6 8. Bg5 Bd6 9. O-O-O Ke7 10. Nb5 Nc6 11. Ne2 a6 12. Nxd6 cxd6 13. Ng3 Rhc8 14. Rd2 h6 15.
Be3 d5 16. Bc5+ Kf7 17. exd5 exd5 18. Nf5 Rc7 19. Rhd1 Ke6 20. Ne3 d4 21. Nc4 Na5 22. Nxa5 Rxc5 23. Nb3 Rc6 24. f4 Rd8 25. fxe5 Kxe5 26. Nxd4 Rcd6 27. Nf3+ Ke6 28. Nd4+ Kf7 29. Nf5 Rxd2 30. Rxd2 Rb8 31. Rd6 Ne4 32. Rd4 Nc5 33. Rc4 Ne6 34. Nd4 b5 35. Rb4 Nc5 36. Nc6 Re8 37.
Kd2 Ne4+ 38. Kd1 Nf2+ 39. Kd2 Rc8 40. Nd4 Ne4+ 41. Ke3 Nd6 42. c3 Nc4+ 43. Kd3 Re8 44. b3 Nb2+ 45. Kd2 Kg6 46. Kc2 Rf8 47. Kxb2 Rf2+ 48. Nc2 Rxg2 49. h3 Rg3 50. Rg4+ Rxg4 51. hxg4 Kg5 52. c4 bxc4 53. bxc4 Kxg4 54. Nb4 h5 55. c5 Kf5 56. Nd3 h4 57. Nf2 Ke5 58. Kc3 Kd5 59. Kb4 Kc6 60. Ng4 h3 61. Kc4 g5 62.
Nh2 a5 63. a4 Kc7 64. Kb5 Kd7 65. Kxa5 Kc6 66. Kb4 Kd5 67. Kb5 Ke4 68. c6 g4 69.
Nxg4 Kf3 70. c7 h2 71. Nxh2+ 1-0

[Event "*** Titled Tuesday Blitz"]
[Site "Chess.com"]
[Date "2020.02.04"]
[Round "2"]
[White "Hydrargyrum_Girl"]
[Black "kesarev"]
[Result "1/2-1/2"]
[WhiteElo "2173"]
[BlackElo "2473"]
[TimeControl "180+2"]
[EndTime "9:26:55 PST"]
[Termination "Game drawn - insufficient material"]

1. d4 Nc6 2. e4 e5 3. dxe5 Nxe5 4. Nf3 Nxf3+ 5. Qxf3 Qf6 6. Be2 Bb4+ 7. c3 Qxf3 8. Bxf3 Bc5 9. O-O d6 10. Bf4 Ne7 11. Nd2 a5 12. Nb3 Bb6 13. Rfe1 Nc6 14. e5 Nxe5 15. Bxe5 dxe5 16. Rxe5+ Be6 17. Bxb7 Rd8 18.
Bc6+ Ke7 19. Nxa5 Rd2 20. Nc4 Bxf2+ 21. Kf1 Rc2 22. Ba4 Bd4 23. Rxe6+ fxe6 24. Bxc2 Rf8+ 25. Ke1 Ba7 26. Rd1 Rf2 27. Rd2 Rf4 28. Ne5 Kf6 29.
Nf3 Rg4 30. Kf1 h5 31. Rd7 Bb6 32. Bb3 Rf4 33. Rd3 g5 34. Ke2 g4 35. g3 Re4+ 36.
Kd2 gxf3 37. Rxf3+ Ke5 38. Kd3 Re1 39. Rf8 Kd6 40. Rh8 Rb1 41. Rxh5 Rxb2 42. g4 Rg2 43. h3 c5 44. Rh6 Kc7 45. Bxe6 Rg3+ 46. Kc4 Ba5 47. Kxc5 Bxc3 48. a4 Be1 49. Rh7+ Kd8 50. Kd6 Rd3+ 51. Bd5 Bg3+ 52. Kc6 Rc3+ 53. Kb5 Bf2 54.
Be6 Rc5+ 55. Kb4 Re5 56. Bf5 Re3 57. a5 Be1+ 58. Kb5 Re5+ 59. Kb6 Bxa5+ 60. Kc6 Be1 61. Kd6 Bg3 62. Kc6 Re1 63. h4 Ke8 64. h5 Kf8 65.
Kd7 Kg8 66. Kc6 Rd1 67. Rd7 Rc1+ 68. Kd5 Re1 69. Rd8+ Kg7 70. Ra8 Kf6 71. Ra6+ Kg5 72. h6 Rh1 73. h7 Be1 74. Ra8 Bc3 75. Rg8+ Kf4 76. Ke6 Rh6+ 77. Kf7 Rf6+ 78. Ke7 Rh6 79. Rc8 Bf6+ 80. Kf7 Bb2 81. Rc4+ Kg5 82. Rc8 Rf6+ 83. Ke7 Rh6 84. Rg8+ Kf4 85. Kf7 Rf6+ 86. Ke8 Rh6 87. Bb1 Rh1 88. Bc2 Ke5 89. g5 Ke6 90. Bb3+ Kf5 91. g6 Kf6 92. g7 Rxh7 93. Rf8+ Kxg7 94. Rf7+ Kh6 95. Rxh7+ Kxh7 1/2-1/2

[Event "*** Titled Tuesday Blitz"]
[Site "Chess.com"]
[Date "2020.02.04"]
[Round "2"]
[White "Funkmaus"]
[Black "Chimpinha"]
[Result "1/2-1/2"]
[WhiteElo "2161"]
[BlackElo "2449"]
[TimeControl "180+2"]
[EndTime "9:27:05 PST"]
[Termination "Game drawn - insufficient material"]

1. d4 Nf6 2. Nf3 g6 3. g3 Bg7 4. Bg2 d6 5. O-O O-O 6. c3 Nbd7 7. Nbd2 e5 8. dxe5 Nxe5 9. Nxe5 dxe5 10. Nc4 Qe7 11. b3 Rd8 12. Qc2 Bf5 13. e4 Bd7 14. Ba3 Qe6 15. Rad1 Bb5 16. Rxd8+ Rxd8 17. Rd1 Rxd1+ 18.
Qxd1 Bxc4 19. bxc4 Nd7 20. Qd5 Qxd5 21. cxd5 Bf8 22.
Bh3 Nf6 23. Bxf8 Kxf8 24. f3 Ke7 25. Kf2 Kd6 26. Ke3 Ne8 27. Bf1 Kc5 28. h4 h6 29.
Kd3 g5 30. Bh3 Nd6 31. Bd7 b5 32. hxg5 hxg5 33. Bg4 a5 34. Bd7 a4 35. Bg4 b4 36.
cxb4+ Kxb4 37. Bd7 f6 38. Ke3 a3 39. f4 Nc4+ 40. Kf3 Nd2+ 41. Ke3 Nc4+ 42. Kf3 gxf4 43. gxf4 Nd2+ 44. Ke3 Nb1 45. fxe5 fxe5 46. Kf3 Nc3 47. Be6 Kc5 48. d6 Kxd6 49. Bb3 c5 50. Ke3 Nb5 51.
Kd3 Nd4 52. Ba4 Nc6 53. Kc4 Na5+ 54. Kb5 Nb7 55. Kc4 Nd8 56. Kb3 Ne6 57. Kxa3 Ng5 58.
Bc2 Kc6 59. Kb2 Kb5 60. Kc3 Nf3 61. Bd3+ Ka5 62. Kc4 Kb6 63. Kd5 Ne1 64. Bb1 Nf3 65.
Bd3 Ne1 66. Be2 Nc2 67. Kxe5 Nb4 68. Bc4 Kc6 69. Kf6 Kd7 70. e5 Nc6 71. e6+ Kd8 72. Bb5 Ne7 73. Ke5 Kc7 74. Bd7 Kb6 75. Kd6 Nf5+ 76.
Kd5 Ne7+ 77. Kd6 Nf5+ 78. Ke5 Ne7 79. Kf6 Nd5+ 80. Kf7 c4 81. e7 Nxe7 82. Kxe7 c3 83. Bf5 Kc5 84. Ke6 Kb4 85. Ke5 Ka3 86. Kd4 Kxa2 87.
Kxc3 1/2-1/2